[ AOE2 MATCH · #477879809 ]
Team RMBengalis vs Mongols
[ REPLAY ANALYSIS · EXTRACTED FROM THE RECORDED GAME ]
Feudal
—
Castle
—
Imperial
—
| APM avg | 27.2 |
| APM peak | 69 |
| eAPM avg | 16.6 |
| Villagers / military | 121 / 372 |
Focus
⚔️ 31.8% · 🌾 68.2%
Scout Cavalry ×234 · Elephant Archer ×122 · Trade Cart ×30 · Monk ×9 · Trebuchet (Packed) ×7
Feudal
—
Castle
—
Imperial
—
| APM avg | 41.6 |
| APM peak | 117 |
| eAPM avg | 26.9 |
| Villagers / military | 162 / 362 |
Focus
⚔️ 38.6% · 🌾 61.4%
Scout Cavalry ×277 · Mangonel ×76 · Trade Cart ×7 · Mangudai ×5 · Knight ×3 · Steppe Lancer ×1
Feudal
—
Castle
—
Imperial
—
| APM avg | 32.5 |
| APM peak | 79 |
| eAPM avg | 17.5 |
| Villagers / military | 94 / 247 |
Focus
⚔️ 33.9% · 🌾 66.1%
Camel Scout ×81 · Mameluke ×80 · Scout Cavalry ×30 · Knight ×22 · Skirmisher ×15 · Monk ×14
Feudal
—
Castle
—
Imperial
—
| APM avg | 16.7 |
| APM peak | 36 |
| eAPM avg | 10.3 |
| Villagers / military | 110 / 284 |
Focus
⚔️ 31.8% · 🌾 68.2%
Spearman ×177 · Hand Cannoneer ×46 · Iron Pagoda ×40 · Skirmisher ×10 · Militia ×6 · Trade Cart ×5
Feudal
—
Castle
—
Imperial
—
| APM avg | 23.2 |
| APM peak | 52 |
| eAPM avg | 13.3 |
| Villagers / military | 132 / 327 |
Focus
⚔️ 32.8% · 🌾 67.2%
Spearman ×268 · Bombard Cannon ×54 · Trade Cart ×4 · Archer ×3 · Mangonel ×2
Feudal
—
Castle
—
Imperial
—
| APM avg | 37.3 |
| APM peak | 126 |
| eAPM avg | 15.8 |
| Villagers / military | 123 / 338 |
Focus
⚔️ 28.8% · 🌾 71.2%
Scout Cavalry ×223 · Cataphract ×107 · Trade Cart ×5 · Monk ×4 · Knight ×2 · Trebuchet (Packed) ×2
Match map
Initial resources + every placement click. Lines = walls · curves = elevation contours. ◆ gold · ⬟ stone · ● berries · ✦ relic · ◌ wall gap
Your base· ✓ Closed at 14:34 · 0t walls · no gate
KOLSONxCANADIAN's base· ✓ Closed at 16:01 · 0t walls · no gate
nord 00's base· ✓ Closed at 18:32 · 39t walls · no gate
Aleks_Syntek_Oficial's base· ✓ Closed at 20:41 · 0t walls · no gate
Ben°z's base· ✓ Closed at 16:24 · 63t walls · 2 gate(s)
Thauler's base· ✓ Closed at 17:30 · 18t walls · 1 gate(s)
Smoothed initial terrain · ◌ = detected wall gap · hover for details
Inputs per minute
— Blackfair - - KOLSONxCANADIAN
Build order — Blackfair
First 150 of 398 actions detected
| 0:01 | Create | Villager (Male) |
| 0:01 | Create | Villager (Male) |
| 0:04 | Build | House |
| 0:05 | Build | House |
| 0:06 | Create | Villager (Male) |
| 0:07 | Create | Villager (Male) |
| 0:07 | Create | Villager (Male) |
| 1:43 | Create | Villager (Male) |
| 2:05 | Create | Villager (Male) |
| 2:05 | Create | Villager (Male) |
| 2:50 | Create | Villager (Male) |
| 2:55 | Build | House |
| 3:07 | Create | Villager (Male) |
| 3:37 | Create | Villager (Male) |
| 3:37 | Create | Villager (Male) |
| 4:25 | Create | Villager (Male) |
| 4:28 | Build | Mill |
| 5:12 | Create | Villager (Male) |
| 5:12 | Create | Villager (Male) |
| 5:15 | Create | Villager (Male) |
| 5:15 | Create | Villager (Male) |
| 6:01 | Create | Villager (Male) |
| 6:06 | Build | Lumber Camp |
| 6:16 | Create | Villager (Male) |
| 6:16 | Create | Villager (Male) |
| 6:34 | Create | Villager (Male) |
| 6:34 | Create | Villager (Male) |
| 6:34 | Create | Villager (Male) |
| 6:45 | Create | Villager (Male) |
| 6:55 | Build | House |
| 8:10 | Build | Mining Camp |
| 8:12 | Research | Feudal Age |
| 9:26 | Build | House |
| 9:40 | Create | Villager (Male) |
| 10:08 | Build | Farm |
| 10:09 | Build | Farm |
| 10:09 | Build | Farm |
| 10:10 | Build | Farm |
| 10:10 | Build | Farm |
| 10:10 | Build | Farm |
| 10:15 | Build | Farm |
| 10:22 | Create | Villager (Male) |
| 10:23 | Create | Villager (Male) |
| 10:56 | Create | Villager (Male) |
| 10:57 | Create | Villager (Male) |
| 11:17 | Build | Market |
| 12:03 | Build | House |
| 12:33 | Build | Blacksmith |
| 12:45 | Create | Villager (Male) |
| 12:46 | Create | Villager (Male) |
| 13:34 | Build | House |
| 13:42 | Create | Villager (Male) |
| 13:43 | Create | Villager (Male) |
| 14:34 | Research | Castle Age |
| 14:56 | Build | Farm |
| 15:25 | Build | Farm |
| 15:25 | Build | Farm |
| 15:26 | Build | Farm |
| 15:26 | Build | Farm |
| 15:27 | Build | Farm |
| 16:02 | Build | Farm |
| 16:04 | Research | Horse Collar |
| 16:07 | Research | Double-Bit Axe |
| 16:12 | Build | Farm |
| 16:14 | Build | Farm |
| 17:06 | Create | Villager (Male) |
| 17:07 | Create | Villager (Male) |
| 17:08 | Create | Villager (Male) |
| 17:29 | Build | House |
| 17:33 | Create | Villager (Male) |
| 17:33 | Create | Villager (Male) |
| 17:48 | Create | Villager (Male) |
| 18:28 | Build | Town Center |
| 18:42 | Build | Town Center |
| 18:46 | Create | Villager (Male) |
| 18:55 | Build | Monastery |
| 19:08 | Create | Villager (Male) |
| 19:28 | Create | Villager (Male) |
| 19:34 | Build | House |
| 19:35 | Build | House |
| 19:37 | Build | House |
| 19:38 | Build | House |
| 19:40 | Research | Gold Mining |
| 19:46 | Research | Bow Saw |
| 19:49 | Create | Villager (Male) |
| 19:49 | Create | Villager (Male) |
| 19:54 | Create | Villager (Male) |
| 19:57 | Create | Monk |
| 20:11 | Create | Villager (Male) |
| 20:19 | Research | Wheelbarrow |
| 20:29 | Create | Monk |
| 20:57 | Create | Villager (Male) |
| 20:58 | Create | Villager (Male) |
| 20:58 | Create | Villager (Male) |
| 21:00 | Create | Villager (Male) |
| 21:01 | Create | Villager (Male) |
| 21:05 | Research | Gold Mining |
| 21:16 | Build | House |
| 21:17 | Build | House |
| 21:19 | Build | House |
| 21:20 | Build | House |
| 21:23 | Build | House |
| 21:25 | Build | House |
| 21:29 | Create | Villager (Male) |
| 21:30 | Create | Villager (Male) |
| 21:31 | Create | Villager (Male) |
| 21:32 | Create | Villager (Male) |
| 21:34 | Create | Villager (Male) |
| 21:41 | Build | Farm |
| 21:41 | Build | Farm |
| 21:41 | Build | Farm |
| 21:42 | Build | Farm |
| 21:48 | Create | Villager (Male) |
| 21:48 | Create | Villager (Male) |
| 22:08 | Build | Farm |
| 22:09 | Build | Farm |
| 22:09 | Build | Farm |
| 22:10 | Build | Farm |
| 22:11 | Build | Farm |
| 22:32 | Create | Villager (Male) |
| 22:32 | Create | Villager (Male) |
| 22:34 | Create | Villager (Male) |
| 22:35 | Create | Villager (Male) |
| 22:35 | Create | Villager (Male) |
| 22:36 | Create | Villager (Male) |
| 22:42 | Build | Mining Camp |
| 22:48 | Research | Hand Cart |
| 22:50 | Create | Villager (Male) |
| 22:51 | Create | Villager (Male) |
| 22:52 | Create | Villager (Male) |
| 22:53 | Create | Villager (Male) |
| 23:00 | Build | Monastery |
| 23:05 | Build | Barracks |
| 23:26 | Create | Villager (Male) |
| 23:28 | Create | Villager (Male) |
| 23:29 | Research | Stone Mining |
| 23:41 | Research | Heavy Plow |
| 24:03 | Create | Villager (Male) |
| 24:04 | Create | Villager (Male) |
| 24:05 | Create | Villager (Male) |
| 24:06 | Create | Villager (Male) |
| 24:23 | Create | Villager (Male) |
| 24:24 | Create | Villager (Male) |
| 24:24 | Create | Villager (Male) |
| 24:30 | Build | House |
| 24:37 | Build | Archery Range |
| 24:39 | Build | Archery Range |
| 24:41 | Build | Archery Range |
| 24:47 | Research | Gold Shaft Mining |
| 24:49 | Create | Villager (Male) |
Build order — KOLSONxCANADIAN
First 150 of 594 actions detected
| 0:01 | Create | Villager (Male) |
| 0:03 | Build | House |
| 0:06 | Build | House |
| 0:20 | Create | Villager (Male) |
| 0:20 | Create | Villager (Male) |
| 0:20 | Create | Villager (Male) |
| 0:21 | Create | Villager (Male) |
| 1:27 | Create | Villager (Male) |
| 1:27 | Create | Villager (Male) |
| 2:18 | Create | Villager (Male) |
| 2:19 | Create | Villager (Male) |
| 3:02 | Create | Villager (Male) |
| 3:02 | Create | Villager (Male) |
| 3:05 | Create | Villager (Male) |
| 3:26 | Create | Villager (Male) |
| 3:26 | Create | Villager (Male) |
| 3:48 | Build | House |
| 4:06 | Create | Villager (Male) |
| 4:06 | Create | Villager (Male) |
| 4:06 | Create | Villager (Male) |
| 4:24 | Build | House |
| 4:31 | Create | Villager (Male) |
| 4:31 | Create | Villager (Male) |
| 5:14 | Build | Lumber Camp |
| 5:18 | Create | Villager (Male) |
| 5:18 | Create | Villager (Male) |
| 5:38 | Create | Villager (Male) |
| 6:17 | Create | Villager (Male) |
| 6:31 | Create | Villager (Male) |
| 7:00 | Create | Villager (Male) |
| 7:09 | Build | Mill |
| 7:38 | Research | Feudal Age |
| 8:14 | Build | Lumber Camp |
| 8:18 | Create | Villager (Male) |
| 8:23 | Create | Villager (Male) |
| 9:31 | Create | Villager (Male) |
| 9:58 | Research | Double-Bit Axe |
| 10:29 | Create | Villager (Male) |
| 10:30 | Create | Villager (Male) |
| 10:38 | Build | House |
| 10:41 | Build | House |
| 10:45 | Create | Villager (Male) |
| 11:16 | Create | Villager (Male) |
| 11:16 | Create | Villager (Male) |
| 11:21 | Research | Horse Collar |
| 11:51 | Create | Villager (Male) |
| 11:58 | Build | Farm |
| 11:58 | Build | Farm |
| 11:59 | Build | Farm |
| 11:59 | Build | Farm |
| 11:59 | Build | Farm |
| 12:14 | Create | Villager (Male) |
| 12:36 | Create | Villager (Male) |
| 12:43 | Build | Farm |
| 12:44 | Build | Farm |
| 12:44 | Build | Farm |
| 12:44 | Build | Farm |
| 12:48 | Create | Villager (Male) |
| 12:48 | Create | Villager (Male) |
| 13:09 | Research | Wheelbarrow |
| 13:25 | Create | Villager (Male) |
| 13:27 | Research | Wheelbarrow |
| 13:41 | Build | Mining Camp |
| 13:52 | Build | House |
| 13:56 | Build | House |
| 13:58 | Create | Villager (Male) |
| 14:02 | Create | Villager (Male) |
| 14:02 | Create | Villager (Male) |
| 14:38 | Create | Villager (Male) |
| 14:54 | Build | Market |
| 15:02 | Build | Blacksmith |
| 15:06 | Create | Villager (Male) |
| 15:10 | Research | Stone Mining |
| 15:23 | Build | Mining Camp |
| 15:28 | Create | Villager (Male) |
| 16:01 | Research | Castle Age |
| 16:05 | Research | Gold Mining |
| 16:15 | Research | Padded Archer Armor |
| 16:30 | Build | House |
| 16:34 | Build | House |
| 17:07 | Research | Wheelbarrow |
| 17:12 | Research | Fletching |
| 18:25 | Build | Barracks |
| 18:52 | Create | Villager (Male) |
| 18:54 | Research | Bow Saw |
| 19:01 | Build | Town Center |
| 19:12 | Research | Bodkin Arrow |
| 19:20 | Research | Loom |
| 20:10 | Build | Castle |
| 20:30 | Create | Villager (Male) |
| 20:30 | Create | Villager (Male) |
| 20:32 | Create | Villager (Male) |
| 20:32 | Create | Villager (Male) |
| 20:32 | Create | Villager (Male) |
| 20:36 | Build | Farm |
| 20:36 | Build | Farm |
| 20:36 | Build | Farm |
| 20:37 | Build | Farm |
| 20:37 | Build | Farm |
| 20:38 | Build | Farm |
| 20:59 | Build | Gate |
| 21:03 | Build | House |
| 21:07 | Build | House |
| 21:34 | Create | Villager (Male) |
| 21:34 | Create | Villager (Male) |
| 21:39 | Create | Villager (Male) |
| 21:42 | Build | Farm |
| 21:56 | Build | Town Center |
| 22:40 | Build | Lumber Camp |
| 22:45 | Create | Mangudai |
| 22:46 | Create | Mangudai |
| 22:50 | Create | Villager (Male) |
| 22:51 | Create | Villager (Male) |
| 22:51 | Create | Villager (Male) |
| 22:51 | Create | Villager (Male) |
| 22:51 | Create | Villager (Male) |
| 22:52 | Create | Villager (Male) |
| 23:05 | Create | Villager (Male) |
| 23:08 | Research | Hand Cart |
| 23:28 | Create | Villager (Male) |
| 23:29 | Create | Villager (Male) |
| 23:45 | Research | Gold Shaft Mining |
| 23:50 | Build | Farm |
| 23:51 | Build | Farm |
| 23:55 | Build | Farm |
| 23:57 | Create | Villager (Male) |
| 23:58 | Create | Villager (Male) |
| 23:59 | Create | Villager (Male) |
| 24:08 | Build | Farm |
| 24:11 | Build | Farm |
| 24:20 | Create | Villager (Male) |
| 24:23 | Create | Villager (Male) |
| 24:30 | Create | Villager (Male) |
| 24:41 | Create | Villager (Male) |
| 24:43 | Create | Villager (Male) |
| 24:44 | Create | Villager (Male) |
| 24:48 | Build | Farm |
| 24:50 | Build | Farm |
| 25:02 | Create | Villager (Male) |
| 25:04 | Create | Villager (Male) |
| 25:04 | Create | Villager (Male) |
| 25:12 | Build | Farm |
| 25:18 | Build | Farm |
| 25:24 | Create | Villager (Male) |
| 25:25 | Create | Villager (Male) |
| 25:26 | Create | Villager (Male) |
| 25:35 | Build | Farm |
| 25:35 | Build | Farm |
| 25:36 | Build | Farm |
| 25:36 | Build | Farm |
Build order — nord 00
First 150 of 307 actions detected
| 0:03 | Create | Villager (Male) |
| 0:03 | Create | Villager (Male) |
| 0:04 | Create | Villager (Male) |
| 0:04 | Create | Villager (Male) |
| 0:04 | Create | Villager (Male) |
| 0:05 | Build | House |
| 0:06 | Build | House |
| 0:53 | Research | Loom |
| 1:06 | Create | Villager (Male) |
| 1:06 | Create | Villager (Male) |
| 1:06 | Create | Villager (Male) |
| 1:34 | Create | Villager (Male) |
| 2:19 | Create | Villager (Male) |
| 2:44 | Create | Villager (Male) |
| 3:20 | Create | Villager (Male) |
| 3:50 | Create | Villager (Male) |
| 4:14 | Build | Palisade Wall |
| 4:28 | Create | Villager (Male) |
| 4:54 | Create | Villager (Male) |
| 5:00 | Build | House |
| 5:22 | Create | Villager (Male) |
| 5:26 | Build | Mill |
| 5:45 | Create | Villager (Male) |
| 6:36 | Build | Palisade Wall |
| 6:50 | Create | Villager (Male) |
| 7:01 | Build | Lumber Camp |
| 7:19 | Create | Villager (Male) |
| 7:44 | Build | House |
| 7:45 | Create | Villager (Male) |
| 8:08 | Create | Villager (Male) |
| 8:24 | Build | Outpost |
| 8:35 | Create | Villager (Male) |
| 8:35 | Create | Villager (Male) |
| 8:39 | Build | Farm |
| 9:26 | Research | Feudal Age |
| 9:47 | Build | Barracks |
| 10:48 | Build | Mill |
| 10:55 | Build | House |
| 10:57 | Build | House |
| 11:10 | Build | House |
| 11:29 | Create | Villager (Male) |
| 11:30 | Create | Villager (Male) |
| 12:07 | Build | Stone Wall |
| 12:18 | Build | Stone Wall |
| 12:23 | Build | Farm |
| 12:32 | Build | Archery Range |
| 12:37 | Create | Villager (Male) |
| 12:40 | Build | Farm |
| 12:43 | Create | Villager (Male) |
| 13:14 | Build | Farm |
| 13:28 | Create | Villager (Male) |
| 13:37 | Build | Mining Camp |
| 13:45 | Create | Villager (Male) |
| 14:16 | Build | Mining Camp |
| 14:22 | Create | Villager (Male) |
| 14:33 | Create | Skirmisher |
| 14:48 | Create | Villager (Male) |
| 15:04 | Create | Skirmisher |
| 15:08 | Build | House |
| 15:11 | Build | House |
| 15:14 | Create | Villager (Male) |
| 15:21 | Research | Double-Bit Axe |
| 15:33 | Create | Villager (Male) |
| 15:36 | Research | Wheelbarrow |
| 15:43 | Create | Skirmisher |
| 15:52 | Build | Farm |
| 16:05 | Build | House |
| 16:11 | Create | Skirmisher |
| 16:29 | Build | Lumber Camp |
| 16:42 | Build | Stone Wall |
| 16:47 | Build | Stone Wall |
| 16:51 | Build | House |
| 16:51 | Create | Villager (Male) |
| 17:08 | Create | Villager (Male) |
| 17:18 | Build | Market |
| 17:29 | Create | Villager (Male) |
| 18:32 | Research | Castle Age |
| 18:37 | Build | Farm |
| 19:16 | Create | Skirmisher |
| 19:29 | Build | Blacksmith |
| 19:53 | Build | Outpost |
| 19:56 | Create | Skirmisher |
| 20:07 | Research | Stone Mining |
| 20:43 | Build | Stone Wall |
| 21:14 | Build | Stone Wall |
| 21:43 | Research | Elite Skirmisher (upgrade) |
| 21:47 | Create | Villager (Male) |
| 22:04 | Build | Monastery |
| 22:09 | Create | Villager (Male) ×5 |
| 22:21 | Build | Castle |
| 22:30 | Create | Skirmisher ×5 |
| 22:31 | Create | Skirmisher ×4 |
| 22:39 | Build | Farm |
| 22:41 | Build | Farm |
| 22:53 | Create | Monk |
| 23:08 | Build | Farm |
| 23:17 | Build | Town Center |
| 23:22 | Build | House |
| 23:23 | Build | House |
| 23:25 | Build | House |
| 23:33 | Build | Farm |
| 23:34 | Research | Horse Collar |
| 23:37 | Research | Double-Bit Axe |
| 24:02 | Build | University |
| 24:06 | Create | Villager (Male) |
| 24:27 | Research | Fletching |
| 24:47 | Build | Mining Camp |
| 25:00 | Build | Lumber Camp |
| 25:02 | Create | Villager (Male) ×2 |
| 25:15 | Create | Villager (Male) |
| 25:28 | Build | Farm |
| 25:31 | Build | Farm |
| 25:34 | Create | Villager (Male) ×2 |
| 26:00 | Build | Farm |
| 26:02 | Create | Villager (Male) ×2 |
| 26:05 | Build | Farm |
| 26:44 | Build | Monastery |
| 26:53 | Build | Farm |
| 26:55 | Create | Villager (Male) ×4 |
| 26:57 | Create | Monk |
| 27:24 | Research | Bodkin Arrow |
| 27:28 | Build | Farm |
| 27:28 | Build | Farm |
| 27:28 | Build | Farm |
| 27:29 | Build | Farm |
| 27:32 | Build | Farm |
| 27:48 | Create | Villager (Male) |
| 27:50 | Build | Farm |
| 27:54 | Build | Farm |
| 27:58 | Create | Villager (Male) ×3 |
| 28:11 | Create | Monk |
| 28:31 | Build | Farm |
| 28:34 | Create | Villager (Male) ×4 |
| 28:51 | Build | Farm |
| 28:53 | Build | Farm |
| 29:15 | Research | Tech 28 |
| 29:18 | Build | Farm |
| 29:20 | Build | Farm |
| 29:22 | Create | Villager (Male) ×5 |
| 30:01 | Build | Farm |
| 30:10 | Research | Heavy Plow |
| 30:16 | Research | Bow Saw |
| 30:19 | Build | House |
| 30:25 | Build | House |
| 30:36 | Build | Farm |
| 31:06 | Research | Imperial Age |
| 31:10 | Build | Farm |
| 31:27 | Build | House |
| 31:30 | Build | House |
| 31:32 | Build | House |
Build order — Aleks_Syntek_Oficial
First 150 of 277 actions detected
| 0:03 | Build | House |
| 0:04 | Build | House |
| 0:06 | Build | House |
| 0:08 | Build | House |
| 0:09 | Build | House |
| 0:11 | Build | House |
| 0:15 | Create | Villager (Male) ×4 |
| 0:15 | Research | Loom |
| 1:53 | Create | Villager (Male) |
| 2:40 | Create | Villager (Male) |
| 2:41 | Create | Villager (Male) |
| 3:24 | Create | Villager (Male) |
| 3:24 | Create | Villager (Male) |
| 4:15 | Create | Villager (Male) |
| 4:48 | Create | Villager (Male) |
| 4:49 | Create | Villager (Male) |
| 5:24 | Build | Mill |
| 5:39 | Create | Villager (Male) |
| 5:40 | Create | Villager (Male) |
| 5:46 | Build | Lumber Camp |
| 6:09 | Create | Villager (Male) |
| 6:25 | Create | Villager (Male) |
| 7:03 | Create | Villager (Male) |
| 7:04 | Create | Villager (Male) |
| 7:53 | Create | Villager (Male) |
| 8:10 | Create | Villager (Male) |
| 9:44 | Create | Villager (Male) |
| 9:44 | Create | Villager (Male) |
| 9:46 | Research | Feudal Age |
| 9:54 | Build | Barracks |
| 11:18 | Create | Villager (Male) ×5 |
| 11:29 | Create | Militia ×2 |
| 12:53 | Create | Villager (Male) |
| 12:54 | Research | Double-Bit Axe |
| 12:56 | Research | Horse Collar |
| 13:26 | Create | Villager (Male) |
| 14:04 | Build | Market |
| 14:05 | Build | Market |
| 14:11 | Build | Farm |
| 14:11 | Build | Farm |
| 14:12 | Build | Farm |
| 14:12 | Build | Farm |
| 14:13 | Build | Farm |
| 14:45 | Create | Villager (Male) ×5 |
| 14:46 | Create | Villager (Male) ×5 |
| 14:57 | Build | Mining Camp |
| 15:08 | Build | House |
| 15:09 | Build | House |
| 15:11 | Build | House |
| 15:12 | Build | House |
| 15:13 | Build | House |
| 15:14 | Build | House |
| 15:52 | Build | Farm |
| 15:53 | Build | Farm |
| 15:53 | Build | Farm |
| 15:53 | Build | Farm |
| 15:54 | Build | Farm |
| 15:54 | Build | Farm |
| 15:55 | Build | Farm |
| 15:56 | Build | Farm |
| 16:42 | Create | Villager (Male) |
| 16:42 | Create | Villager (Male) |
| 16:43 | Create | Villager (Male) |
| 16:47 | Research | Gold Mining |
| 16:54 | Research | Man-at-Arms (upgrade) |
| 17:12 | Create | Militia |
| 17:12 | Create | Militia |
| 17:15 | Build | Blacksmith |
| 17:24 | Create | Militia |
| 17:25 | Create | Militia |
| 17:33 | Build | Mining Camp |
| 17:37 | Create | Villager (Male) |
| 17:45 | Research | Scale Mail Armor |
| 17:45 | Research | Forging |
| 19:08 | Create | Villager (Male) ×5 |
| 19:13 | Build | Farm |
| 19:23 | Build | Market |
| 20:20 | Build | Farm |
| 20:21 | Build | Farm |
| 20:21 | Build | Farm |
| 20:21 | Build | Farm |
| 20:41 | Research | Castle Age |
| 21:33 | Create | Villager (Male) ×5 |
| 23:50 | Build | Town Center |
| 23:55 | Build | Town Center |
| 24:00 | Create | Villager (Male) ×5 |
| 24:31 | Build | Siege Workshop |
| 24:47 | Build | University |
| 24:53 | Build | University |
| 25:01 | Create | Villager (Male) ×5 |
| 25:34 | Research | Imperial Age |
| 25:57 | Research | Wheelbarrow |
| 25:59 | Create | Villager (Male) |
| 26:06 | Create | Villager (Male) |
| 26:17 | Build | Castle |
| 26:35 | Create | Villager (Male) ×3 |
| 26:37 | Create | Villager (Male) |
| 26:45 | Build | Farm |
| 26:45 | Build | Farm |
| 26:45 | Build | Farm |
| 26:47 | Build | Farm |
| 26:59 | Research | Treadmill Crane |
| 27:15 | Build | Farm |
| 27:18 | Research | Heavy Plow |
| 27:41 | Research | Ballistics |
| 27:47 | Create | Villager (Male) |
| 27:52 | Create | Villager (Male) |
| 27:53 | Create | Villager (Male) |
| 28:05 | Build | Mining Camp |
| 28:22 | Build | Farm |
| 28:22 | Build | Farm |
| 28:35 | Create | Villager (Male) |
| 28:36 | Create | Villager (Male) |
| 28:36 | Create | Villager (Male) |
| 28:56 | Create | Trebuchet (Packed) |
| 29:01 | Build | Farm |
| 29:07 | Build | Farm |
| 29:16 | Build | Farm |
| 29:21 | Create | Villager (Male) |
| 29:22 | Create | Villager (Male) |
| 29:27 | Create | Trebuchet (Packed) |
| 29:39 | Create | Villager (Male) |
| 29:46 | Create | Trebuchet (Packed) |
| 30:11 | Create | Villager (Male) |
| 30:13 | Research | Hand Cart |
| 30:16 | Create | Villager (Male) ×5 |
| 30:22 | Create | Villager (Male) |
| 31:21 | Create | Villager (Male) |
| 31:22 | Create | Villager (Male) |
| 31:26 | Create | Villager (Male) |
| 31:26 | Create | Villager (Male) |
| 31:27 | Create | Villager (Male) |
| 33:24 | Create | Villager (Male) ×5 |
| 33:29 | Create | Villager (Male) ×5 |
| 33:30 | Create | Villager (Male) ×5 |
| 33:35 | Build | Lumber Camp |
| 33:41 | Build | Farm |
| 33:41 | Build | Farm |
| 33:42 | Build | Farm |
| 33:42 | Build | Farm |
| 33:42 | Build | Farm |
| 33:42 | Build | Farm |
| 34:09 | Build | Siege Workshop |
| 34:10 | Build | Siege Workshop |
| 34:17 | Build | Siege Workshop |
| 34:20 | Research | Tech 980 |
| 35:22 | Build | Mining Camp |
| 35:31 | Build | Archery Range |
| 35:33 | Build | Archery Range |
| 35:35 | Build | Archery Range |
Build order — Ben°z
First 150 of 347 actions detected
| 0:02 | Create | Villager (Male) |
| 0:02 | Create | Villager (Male) |
| 0:03 | Build | House |
| 0:05 | Build | House |
| 0:16 | Create | Villager (Male) |
| 0:16 | Create | Villager (Male) |
| 1:18 | Research | Loom |
| 1:49 | Create | Villager (Male) |
| 2:21 | Create | Villager (Male) |
| 2:42 | Build | Palisade Wall |
| 3:09 | Create | Villager (Male) |
| 3:40 | Create | Villager (Male) |
| 4:31 | Create | Villager (Male) |
| 4:34 | Build | Lumber Camp |
| 4:49 | Create | Villager (Male) |
| 5:17 | Create | Villager (Male) |
| 5:49 | Build | Palisade Wall |
| 5:52 | Create | Villager (Male) |
| 6:43 | Build | House |
| 6:47 | Build | House |
| 7:05 | Build | Palisade Wall |
| 7:06 | Create | Villager (Male) |
| 7:10 | Build | House |
| 7:11 | Build | House |
| 7:12 | Build | House |
| 8:02 | Create | Villager (Male) |
| 8:15 | Create | Villager (Male) |
| 8:19 | Create | Villager (Male) |
| 9:08 | Create | Villager (Male) |
| 9:11 | Build | House |
| 9:12 | Build | House |
| 9:33 | Build | Palisade Wall |
| 9:51 | Build | Barracks |
| 10:03 | Create | Villager (Male) |
| 10:23 | Build | Mill |
| 10:26 | Create | Villager (Male) |
| 10:40 | Create | Villager (Male) |
| 10:56 | Create | Villager (Male) |
| 11:29 | Research | Feudal Age |
| 11:46 | Create | Villager (Male) |
| 12:14 | Build | Palisade Gate |
| 12:23 | Build | Farm |
| 12:26 | Build | Farm |
| 12:44 | Build | Farm |
| 13:25 | Build | Farm |
| 13:28 | Build | Farm |
| 13:31 | Create | Villager (Male) |
| 14:02 | Build | Mining Camp |
| 14:04 | Create | Villager (Male) |
| 14:31 | Build | Gate |
| 14:45 | Create | Villager (Male) |
| 15:01 | Build | Market |
| 15:07 | Build | Blacksmith |
| 15:42 | Build | Archery Range |
| 15:47 | Create | Villager (Male) |
| 16:20 | Build | Mining Camp |
| 16:24 | Research | Castle Age |
| 16:53 | Create | Villager (Male) |
| 16:58 | Create | Villager (Male) |
| 17:39 | Research | Double-Bit Axe |
| 17:43 | Research | Horse Collar |
| 18:25 | Build | Stone Wall |
| 18:46 | Create | Archer |
| 18:55 | Create | Archer |
| 19:25 | Create | Villager (Male) |
| 19:31 | Build | Farm |
| 20:00 | Build | Castle |
| 20:14 | Build | Farm |
| 20:15 | Create | Villager (Male) |
| 21:01 | Build | Castle |
| 21:13 | Build | Farm |
| 21:14 | Build | Farm |
| 21:19 | Build | Farm |
| 21:19 | Build | Farm |
| 21:19 | Build | Farm |
| 21:20 | Build | Farm |
| 21:22 | Create | Villager (Male) |
| 21:23 | Create | Villager (Male) |
| 21:29 | Create | Archer |
| 21:50 | Create | Villager (Male) |
| 21:59 | Create | Villager (Male) |
| 22:24 | Build | House |
| 22:25 | Build | House |
| 22:26 | Build | House |
| 22:26 | Build | House |
| 23:16 | Create | Villager (Male) |
| 23:38 | Build | Siege Workshop |
| 23:40 | Create | Villager (Male) |
| 24:10 | Create | Villager (Male) |
| 24:12 | Build | Farm |
| 24:26 | Build | Lumber Camp |
| 24:30 | Create | Villager (Male) |
| 24:39 | Build | Farm |
| 25:03 | Create | Villager (Male) |
| 25:19 | Create | Mangonel |
| 25:31 | Build | Farm |
| 25:32 | Create | Villager (Male) |
| 25:51 | Build | Farm |
| 25:53 | Create | Villager (Male) |
| 26:00 | Research | Heavy Plow |
| 26:28 | Create | Villager (Male) |
| 26:43 | Create | Mangonel |
| 27:11 | Create | Villager (Male) |
| 27:14 | Build | Lumber Camp |
| 27:16 | Create | Villager (Male) |
| 27:21 | Research | Fletching |
| 27:34 | Build | Town Center |
| 27:42 | Create | Villager (Male) |
| 28:05 | Build | Farm |
| 28:19 | Create | Villager (Male) |
| 28:31 | Build | Town Center |
| 28:36 | Create | Villager (Male) |
| 28:39 | Build | Farm |
| 28:42 | Create | Villager (Male) |
| 28:55 | Create | Villager (Male) |
| 28:56 | Create | Villager (Male) |
| 29:01 | Build | Farm |
| 29:05 | Research | Bodkin Arrow |
| 29:25 | Build | Farm |
| 30:01 | Research | Imperial Age |
| 30:03 | Build | Farm |
| 30:17 | Create | Villager (Male) |
| 30:24 | Build | Farm |
| 30:24 | Build | Farm |
| 30:25 | Build | Farm |
| 30:25 | Build | Farm |
| 30:25 | Build | Farm |
| 30:25 | Build | Farm |
| 30:33 | Create | Villager (Male) |
| 31:05 | Build | Siege Workshop |
| 31:09 | Build | Siege Workshop |
| 31:10 | Build | Siege Workshop |
| 31:17 | Create | Villager (Male) |
| 31:32 | Build | Market |
| 31:37 | Create | Villager (Male) ×5 |
| 31:55 | Create | Villager (Male) |
| 31:56 | Create | Villager (Male) |
| 31:57 | Create | Villager (Male) |
| 32:05 | Build | Farm |
| 32:12 | Create | Villager (Male) |
| 32:15 | Build | Farm |
| 32:15 | Build | Farm |
| 32:26 | Build | Siege Workshop |
| 32:34 | Build | Farm |
| 32:42 | Build | University |
| 32:46 | Create | Villager (Male) ×5 |
| 33:15 | Build | House |
| 33:16 | Build | House |
| 33:16 | Build | House |
| 33:17 | Build | House |
Build order — Thauler
First 150 of 421 actions detected
| 0:02 | Create | Villager (Male) |
| 0:02 | Create | Villager (Male) |
| 0:02 | Create | Villager (Male) |
| 0:03 | Create | Villager (Male) |
| 0:04 | Build | House |
| 0:07 | Build | House |
| 1:31 | Create | Villager (Male) |
| 1:31 | Create | Villager (Male) |
| 1:51 | Build | Lumber Camp |
| 2:04 | Create | Villager (Male) |
| 2:04 | Create | Villager (Male) |
| 2:39 | Create | Villager (Male) |
| 2:39 | Create | Villager (Male) |
| 2:59 | Create | Villager (Male) |
| 2:59 | Create | Villager (Male) |
| 3:11 | Create | Villager (Male) |
| 3:12 | Create | Villager (Male) |
| 3:36 | Create | Villager (Male) |
| 3:36 | Create | Villager (Male) |
| 4:02 | Build | Mill |
| 4:29 | Research | Loom |
| 4:56 | Create | Villager (Male) |
| 4:56 | Create | Villager (Male) |
| 4:56 | Create | Villager (Male) |
| 5:19 | Create | Villager (Male) |
| 5:20 | Create | Villager (Male) |
| 5:24 | Build | House |
| 6:03 | Create | Villager (Male) |
| 6:04 | Create | Villager (Male) |
| 6:04 | Create | Villager (Male) |
| 6:04 | Create | Villager (Male) |
| 6:04 | Create | Villager (Male) |
| 6:19 | Build | House |
| 6:21 | Build | House |
| 6:23 | Create | Villager (Male) |
| 6:24 | Create | Villager (Male) |
| 6:24 | Create | Villager (Male) |
| 7:34 | Build | House |
| 7:36 | Create | Villager (Male) |
| 8:17 | Build | House |
| 8:18 | Build | House |
| 8:31 | Create | Villager (Male) |
| 9:08 | Build | House |
| 9:14 | Research | Feudal Age |
| 9:32 | Build | Palisade Wall |
| 10:01 | Create | Villager (Male) |
| 10:50 | Create | Villager (Male) |
| 10:57 | Build | Farm |
| 11:08 | Build | Farm |
| 11:34 | Build | Barracks |
| 11:39 | Create | Villager (Male) |
| 11:41 | Research | Double-Bit Axe |
| 11:44 | Research | Horse Collar |
| 11:55 | Build | Market |
| 11:59 | Create | Villager (Male) |
| 12:07 | Create | Villager (Male) |
| 12:23 | Build | Farm |
| 12:23 | Build | Farm |
| 12:23 | Build | Farm |
| 12:23 | Build | Farm |
| 12:24 | Build | Farm |
| 12:24 | Build | Farm |
| 12:24 | Build | Farm |
| 12:24 | Build | Farm |
| 12:35 | Create | Villager (Male) |
| 12:56 | Build | Farm |
| 13:12 | Build | Farm |
| 13:20 | Build | House |
| 13:21 | Build | House |
| 13:26 | Create | Villager (Male) |
| 13:58 | Build | Mining Camp |
| 14:02 | Build | Mining Camp |
| 14:05 | Create | Villager (Male) |
| 14:06 | Create | Villager (Male) |
| 14:41 | Build | Blacksmith |
| 14:47 | Create | Villager (Male) |
| 14:54 | Research | Gold Mining |
| 14:59 | Build | Farm |
| 14:59 | Build | Farm |
| 15:00 | Build | Farm |
| 15:19 | Create | Villager (Male) |
| 15:20 | Research | Wheelbarrow |
| 15:30 | Build | Palisade Gate |
| 15:45 | Build | Farm |
| 15:49 | Build | Farm |
| 15:52 | Build | Farm |
| 16:06 | Create | Villager (Male) |
| 16:14 | Build | Farm |
| 16:18 | Build | Farm |
| 16:33 | Build | House |
| 16:35 | Build | House |
| 16:38 | Create | Villager (Male) |
| 16:45 | Build | Farm |
| 17:30 | Research | Castle Age |
| 17:45 | Build | Stable |
| 18:40 | Create | Villager (Male) |
| 18:43 | Build | Farm |
| 18:43 | Build | Farm |
| 18:43 | Build | Farm |
| 18:48 | Build | Farm |
| 18:49 | Build | Farm |
| 18:56 | Build | Stable |
| 19:21 | Create | Villager (Male) |
| 19:28 | Build | Lumber Camp |
| 19:50 | Create | Villager (Male) |
| 19:55 | Research | Stone Mining |
| 20:07 | Build | Outpost |
| 20:19 | Create | Villager (Male) |
| 20:19 | Create | Villager (Male) |
| 20:37 | Build | Town Center |
| 20:59 | Build | Outpost |
| 21:15 | Create | Villager (Male) ×5 |
| 21:22 | Create | Knight |
| 21:44 | Build | Siege Workshop |
| 21:48 | Create | Villager (Male) |
| 22:06 | Research | Bow Saw |
| 22:17 | Research | Heavy Plow |
| 22:22 | Create | Villager (Male) |
| 22:22 | Create | Villager (Male) |
| 22:22 | Create | Villager (Male) |
| 22:22 | Create | Villager (Male) |
| 22:45 | Create | Knight |
| 23:19 | Build | Monastery |
| 23:24 | Build | University |
| 23:27 | Create | Villager (Male) |
| 23:28 | Create | Villager (Male) |
| 23:36 | Create | Villager (Male) |
| 23:36 | Create | Villager (Male) |
| 23:41 | Build | Farm |
| 23:44 | Build | Farm |
| 23:44 | Build | Farm |
| 23:44 | Build | Farm |
| 24:19 | Create | Villager (Male) |
| 24:36 | Create | Villager (Male) |
| 24:36 | Create | Villager (Male) |
| 24:49 | Research | Murder Holes |
| 24:58 | Research | Treadmill Crane |
| 25:04 | Create | Villager (Male) ×5 |
| 25:50 | Build | Castle |
| 25:55 | Create | Monk |
| 25:55 | Create | Monk |
| 26:02 | Research | Scale Barding Armor |
| 26:03 | Research | Forging |
| 26:08 | Create | Villager (Male) ×5 |
| 26:14 | Build | Farm |
| 26:14 | Build | Farm |
| 26:14 | Build | Farm |
| 26:15 | Build | Farm |
| 26:15 | Build | Farm |
| 26:16 | Build | Farm |
Match timeline
| 2:42 | Ben°z · wall_segment Palisade Wall x25 |
| 4:14 | nord 00 · wall_segment Palisade Wall x5 |
| 5:49 | Ben°z · wall_segment Palisade Wall x21 |
| 6:36 | nord 00 · wall_segment Palisade Wall x1 |
| 7:05 | Ben°z · wall_segment Palisade Wall x16 |
| 9:32 | Thauler · wall_segment Palisade Wall x18 |
| 9:33 | Ben°z · wall_segment Palisade Wall x1 |
| 9:47 | nord 00 · first_building Barracks |
| 9:51 | Ben°z · first_building Barracks |
| 9:54 | Aleks_Syntek_Oficial · first_building Barracks |
| 11:34 | Thauler · first_building Barracks |
| 12:07 | nord 00 · wall_segment Stone Wall x1 |
| 12:18 | nord 00 · wall_segment Stone Wall x14 |
| 12:32 | nord 00 · first_building Archery Range |
| 15:42 | Ben°z · first_building Archery Range |
| 16:42 | nord 00 · wall_segment Stone Wall x11 |
| 16:47 | nord 00 · wall_segment Stone Wall x9 |
| 17:45 | Thauler · first_building Stable |
| 18:25 | KOLSONxCANADIAN · first_building Barracks |
| 18:25 | Ben°z · wall_segment Stone Wall x6 |
| 18:55 | Blackfair · first_building Monastery |
| 19:44 | Ben°z · first_market_buy 100 stone |
| 20:00 | Ben°z · first_building Castle |
| 20:10 | KOLSONxCANADIAN · first_building Castle |
| 20:29 | Thauler · first_market_sell 100 food |
| 20:29 | Thauler · first_market_buy 100 wood |
| 20:43 | nord 00 · wall_segment Stone Wall x1 |
| 21:14 | nord 00 · wall_segment Stone Wall x1 |
| 21:44 | Thauler · first_building Siege Workshop |
| 22:04 | nord 00 · first_building Monastery |
| 22:21 | nord 00 · first_building Castle |
| 23:05 | Blackfair · first_building Barracks |
| 23:19 | Thauler · first_building Monastery |
| 23:38 | Ben°z · first_building Siege Workshop |
| 24:00 | nord 00 · first_market_buy 100 wood |
| 24:12 | Aleks_Syntek_Oficial · first_market_sell 100 wood |
| 24:31 | Aleks_Syntek_Oficial · first_building Siege Workshop |
| 24:37 | Blackfair · first_building Archery Range |
| 25:50 | Thauler · first_building Castle |
| 26:17 | Aleks_Syntek_Oficial · first_building Castle |
| 27:33 | Blackfair · first_building Siege Workshop |
| 27:36 | KOLSONxCANADIAN · first_building Monastery |
| 28:51 | Aleks_Syntek_Oficial · first_market_buy 100 wood |
| 29:03 | Blackfair · first_building Castle |
| 29:15 | KOLSONxCANADIAN · first_building Stable |
| 29:50 | Ben°z · first_market_sell 100 wood |
| 30:34 | Blackfair · first_building Stable |
| 30:56 | nord 00 · first_market_sell 100 stone |
| 33:34 | nord 00 · first_building Stable |
| 34:06 | KOLSONxCANADIAN · first_market_sell 100 food |
| 35:06 | Blackfair · first_market_sell 500 wood |
| 35:14 | Ben°z · wall_segment Stone Wall x22 |
| 35:31 | Aleks_Syntek_Oficial · first_building Archery Range |
| 36:21 | KOLSONxCANADIAN · first_building Siege Workshop |
| 39:03 | nord 00 · first_building Siege Workshop |
| 42:25 | KOLSONxCANADIAN · first_market_buy 100 food |
| 48:13 | Thauler · wall_segment Stone Wall x2 |
| 48:31 | Thauler · wall_segment Stone Wall x6 |
| 48:38 | Blackfair · tribute_sent a jugador 2 |
| 48:38 | Blackfair · tribute_sent a jugador 3 |
| 48:38 | Blackfair · tribute_sent a jugador 4 |
| 48:38 | Blackfair · tribute_sent a jugador 5 |
| 48:38 | Blackfair · tribute_sent a jugador 6 |
| 52:50 | Blackfair · tribute_sent a jugador 2 |
| 52:50 | Blackfair · tribute_sent a jugador 3 |
| 52:50 | Blackfair · tribute_sent a jugador 4 |
| 52:50 | Blackfair · tribute_sent a jugador 5 |
| 52:50 | Blackfair · tribute_sent a jugador 6 |
| 53:38 | Ben°z · tribute_sent a jugador 1 |
| 53:38 | Ben°z · tribute_sent a jugador 2 |
| 53:38 | Ben°z · tribute_sent a jugador 3 |
| 53:38 | Ben°z · tribute_sent a jugador 4 |
| 53:38 | Ben°z · tribute_sent a jugador 6 |
| 56:20 | Aleks_Syntek_Oficial · resign |
[ AI ANALYSIS · 1 CREDIT ]
What really happened in this match?
Wolo.gg analyzes every decision: build order, eco, micro, common mistakes by bracket. Personalized analysis on WhatsApp or Discord in 30 seconds.
Civ guide
Bengalis
Map guide
Amazon Tunnel
Perfil
Blackfair